AoeStats
← 随便玩玩

Arena

510489131Analyzed
4v4 RM · 1d ago on Oct 1, 2026· 64m 16s· 8 players
Game mode
Random Map
Map size
Large (8 player)
Population
200
Speed
Normal
Resources
Standard
Victory
Conquest
Starting age
Dark Age
Ending age
Imperial Age
RankedLock teamsTeams togetherTeam positionsShared explorationLock speedFull tech treeHidden civsTurbo modeCheats
Victory
Defeat
🇨🇳 Varangians · China
1170
+12
🇨🇳 Bohemians · China
1154
+12
🇨🇳 Byzantines · China
1095
+15
🇨🇳 Britons · China
1087
+15
🇬🇹 Berbers · Guatemala
1135
-16
🇨🇳 Vietnamese · China
1090
-14
🇨🇳 Hindustanis · China
1038
-12
🇨🇳 Poles · China
1027
-12
阿哲
10:46 Feudal Age
11:59 Double-Bit Axe
14:49 Castle Age
14:16 Horse Collar
16:02 Heavy Plow
22:03 Wheelbarrow
22:51 Gold Mining
22:51 Stone Mining
23:16 Bow Saw
24:19 Hand Cart
26:05 Gold Shaft Mining
28:44 Imperial Age
27:05 Loom
27:48 Ballistics
27:08 Treadmill Crane
28:00 Fletching
28:14 Squires
29:18 Masonry
30:54 Two-Man Saw
29:57 Bodkin Arrow
30:03 Padded Archer Armor
29:24 Crossbowman
30:11 Arbalester
31:18 Bracer
31:34 Leather Archer Armor
32:22 Chemistry
31:08 Arrowslits
32:00 Conscription
33:22 Ring Archer Armor
33:41 Architecture
35:29 Cavalier
36:09 Husbandry
37:20 Yeomen
37:08 Warwolf
40:21 Heavy Scorpion
42:02 Town Watch
43:21 Forging
43:19 Scale Barding Armor
43:07 Elite Skirmisher
50:59 Pikeman
51:44 Scale Mail Armor
52:38 Siege Engineers
54:32 Hoardings
63:51 Caravan
farm to death
12:23 Feudal Age
16:17 Castle Age
14:01 Horse Collar
14:09 Double-Bit Axe
14:58 Gold Mining
17:34 Bow Saw
17:40 Heavy Plow
21:10 Loom
25:50 Wheelbarrow
27:03 Hand Cart
30:01 Imperial Age
27:56 Squires
27:42 Arson
27:43 Gambesons
28:55 Scale Mail Armor
29:06 Forging
30:20 Chain Mail Armor
31:03 Iron Casting
31:51 Plate Mail Armor
31:44 Conscription
31:09 Elite Varangian Guard
34:03 Blast Furnace
33:04 Gothikon
39:55 Coinage
42:00 Banking
60:48 Murder Holes
61:04 Masonry
61:21 Ballistics
62:01 Chemistry
61:02 Fletching
ueda_reina
10:02 Feudal Age
14:47 Castle Age
13:15 Double-Bit Axe
14:25 Horse Collar
16:13 Bow Saw
22:51 Wheelbarrow
23:00 Heavy Plow
24:23 Gold Mining
24:23 Stone Mining
24:21 Loom
25:22 Hand Cart
25:32 Scale Barding Armor
25:38 Forging
26:28 Husbandry
26:53 Chain Barding Armor
27:55 Gold Shaft Mining
27:17 Light Cavalry
33:21 Imperial Age
31:31 Iron Casting
33:26 Heavy Camel Rider
34:43 Plate Barding Armor
34:28 Hussar
36:17 Conscription
42:18 Pikeman
42:44 Gambesons
42:59 Squires
42:45 Arson
43:25 Scale Mail Armor
42:58 Halberdier
45:35 Padded Archer Armor
45:51 Chain Mail Armor
45:28 Fletching
46:04 Elite Skirmisher
46:49 Thumb Ring
49:21 Bodkin Arrow
49:41 Leather Archer Armor
49:57 Plate Mail Armor
50:08 Hoardings
52:22 Chemistry
52:01 Ballistics
51:54 Bracer
52:24 Ring Archer Armor
62:12 Two-Man Saw
62:00 Crop Rotation
60:54 Capped Ram
61:51 Siege Ram
1174545192
11:45 Feudal Age
10:40 Loom
15:28 Castle Age
14:06 Double-Bit Axe
16:47 Bow Saw
21:50 Horse Collar
24:24 Heavy Plow
25:16 Wheelbarrow
29:40 Imperial Age
27:25 Pikeman
28:21 Arson
28:37 Squires
29:46 Chemistry
29:48 Houfnice
31:50 Two-Man Saw
32:06 Halberdier
32:53 Scale Mail Armor
33:04 Forging
34:11 Chain Mail Armor
35:46 Iron Casting
41:28 Conscription
42:45 Ballistics
45:28 Hussite Reforms
45:32 Wagenburg Tactics
46:46 Siege Engineers
ViChoc
8:22 Loom
12:32 Feudal Age
14:38 Wheelbarrow
13:54 Double-Bit Axe
16:53 Castle Age
15:06 Horse Collar
19:03 Bow Saw
23:40 Heavy Plow
24:58 Gold Mining
26:10 Hand Cart
25:40 Town Watch
30:20 Imperial Age
29:34 Town Patrol
29:41 Husbandry
29:52 Bloodlines
29:33 Treadmill Crane
30:29 Forging
30:19 Scale Mail Armor
30:25 Scale Barding Armor
30:26 Onager
30:30 Heavy Camel Rider
31:50 Gold Shaft Mining
31:06 Stone Mining
32:21 Chemistry
32:32 Conscription
32:13 Maghrebi Camels
33:39 Iron Casting
33:19 Chain Mail Armor
36:34 Man-at-Arms
37:15 Squires
37:00 Arson
37:35 Long Swordsman
37:36 Pikeman
39:18 Blast Furnace
38:49 Plate Mail Armor
38:39 Chain Barding Armor
38:26 Kasbah
43:29 Two-Handed Swordsman
44:31 Champion
55:26 Coinage
54:57 Caravan
55:07 Guilds
58:02 Chain Barding Armor
58:33 Plate Mail Armor
62:56 Plate Barding Armor
随便玩玩
11:25 Feudal Age
15:17 Castle Age
13:39 Double-Bit Axe
13:36 Horse Collar
17:16 Wheelbarrow
17:35 Bow Saw
19:27 Heavy Plow
23:47 Hand Cart
24:02 Gold Mining
29:24 Imperial Age
26:37 Light Cavalry
27:27 Bloodlines
27:18 Husbandry
27:51 Forging
27:47 Scale Barding Armor
29:10 Iron Casting
30:19 Chain Barding Armor
30:44 Crop Rotation
30:38 Conscription
30:14 Winged Hussar
32:06 Lechitic Legacy
34:47 Blast Furnace
33:48 Scale Mail Armor
35:09 Squires
37:14 Chain Mail Armor
39:36 Plate Mail Armor
38:57 Fletching
40:50 Bodkin Arrow
ui949
10:26 Feudal Age
14:16 Castle Age
12:52 Double-Bit Axe
13:12 Horse Collar
14:20 Loom
18:25 Heavy Plow
20:24 Wheelbarrow
20:34 Bow Saw
21:34 Gold Mining
21:49 Fletching
23:53 Hand Cart
24:04 Fortified Wall
24:00 Stone Mining
24:52 Squires
25:55 Stone Shaft Mining
25:25 Town Watch
29:17 Imperial Age
27:13 Ballistics
27:39 Thumb Ring
27:36 Padded Archer Armor
28:25 Bodkin Arrow
28:56 Leather Archer Armor
29:08 Town Patrol
28:54 Treadmill Crane
29:11 Murder Holes
30:48 Hoardings
29:59 Elite Rattan Archer
30:58 Bracer
32:09 Ring Archer Armor
32:56 Hoardings
33:34 Two-Man Saw
34:22 Paper Money
35:35 Chemistry
38:36 Siege Engineers
38:42 Masonry
45:49 Crop Rotation
50:05 Forging
50:01 Scale Barding Armor
56:24 Light Cavalry
58:34 Bloodlines
57:50 Cavalier
58:47 Husbandry
59:55 Iron Casting
59:40 Chain Barding Armor
59:51 Sappers
62:54 Plate Barding Armor
360216051
10:22 Feudal Age
11:42 Loom
14:39 Castle Age
12:58 Double-Bit Axe
13:26 Horse Collar
16:18 Bow Saw
16:47 Heavy Plow
21:01 Wheelbarrow
21:18 Gold Mining
22:51 Gold Shaft Mining
27:28 Imperial Age
25:16 Bloodlines
25:15 Scale Barding Armor
25:22 Forging
26:01 Hand Cart
25:52 Stone Mining
26:25 Chain Barding Armor
27:15 Husbandry
28:59 Stone Shaft Mining
29:28 Two-Man Saw
28:33 Heavy Camel Rider
30:55 Plate Barding Armor
30:21 Imperial Camel Rider
32:43 Iron Casting
33:01 Conscription
32:43 Grand Trunk Road
39:09 Blast Furnace
38:26 Caravan
38:57 Coinage
37:58 Light Cavalry
39:29 Scale Mail Armor
38:58 Hussar
39:58 Squires
39:44 Arson
40:47 Chain Mail Armor
40:37 Pikeman
41:25 Fletching
43:23 Ballistics
42:28 Elite Skirmisher
47:00 Chemistry
46:53 Fortified Wall
46:54 Masonry
50:11 Man-at-Arms
50:55 Long Swordsman
51:40 Two-Handed Swordsman
53:07 Champion
Connection lost

Rejoining the realm…

Still unreachable

The connection could not be restored.

Session expired

The server has moved on; the page needs a fresh start.